 Dungeon Crawl Stone Soup version 0.20.1-1-g8b1a95d (webtiles) character file.

823 Rzeznik the Shield-Bearer (level 7, -5/60 HPs)
             Began as a Minotaur Fighter on Sept 4, 2017.
             Killed by nerve-wracking pain
             ... invoked by an orc priest
              (12 damage)
             ... on level 5 of the Dungeon.
             The game lasted 00:24:09 (4021 turns).

Rzeznik the Shield-Bearer (Minotaur Fighter)        Turns: 4021, Time: 00:24:10

Health: -5/60      AC: 13    Str: 22    XL:     7   Next: 63%
Magic:  6/6        EV:  5    Int:  5    God:
Gold:   194        SH: 10    Dex: 10    Spells: 6/6 levels left

rFire    + . .     SeeInvis .   s - +2 trident (venom)
rCold    . . .     Gourm    .   c - +0 shield
rNeg     . . .     Faith    .   x - +0 plate armour
rPois    .         Spirit   .   (helmet restricted)
rElec    .         Reflect  .   (no cloak)
rCorr    .         Harm     .   g - +0 pair of gloves
MR       .....                  (no boots)
Stlth    ..........             (no amulet)
Regen    0.2/turn               e - ring of protection from fire
MPRegen  0.1/turn               (no ring)

@: no status effects
A: retaliatory headbutt, horns 2
a: no special abilities


You were on level 5 of the Dungeon.
You were not hungry.

You visited 1 branch of the dungeon, and saw 5 of its levels.

You collected 194 gold pieces.

Inventory:

Hand Weapons
 a - a +0 flail
 s - a +2 trident of venom (weapon)
Armour
 c - a +0 shield (worn)
 g - a +0 pair of gloves (worn)
 i - a +0 chain mail
 x - a +0 plate armour (worn)
Magical Staves
 C - an uncursed staff of power {unknown}
Jewellery
 e - a ring of protection from fire (left hand)
 A - an uncursed ring of wizardry {unknown}
Wands
 d - a wand of polymorph (10/24)
 v - a wand of iceblast (8/15)
Scrolls
 j - a scroll of enchant weapon {unknown}
 k - a scroll of remove curse {unknown}
 l - 5 scrolls of teleportation {unknown}
 p - a scroll of magic mapping {unknown}
 q - a scroll of fog {unknown}
 t - a scroll of blinking {unknown}
 u - 2 scrolls of fear {unknown}
 y - a scroll of recharging {unknown}
Potions
 b - a potion of magic
 h - 2 potions of lignification
 m - a potion of flight
 n - a potion of curing {unknown}
 o - a potion of ambrosia {unknown}
 w - a potion of berserk rage {unknown}
 z - a potion of agility {unknown}
 D - a potion of heal wounds {unknown}
Books
 B - a book of Minor Magic

   Spells                             Type                      Level
   a - Magic Dart                     Conjuration                  1
   b - Blink                          Translocation                2
   c - Call Imp                       Summoning                    2
   d - Slow                           Hexes                        2
   e - Conjure Flame                  Conjuration/Fire             3
   f - Mephitic Cloud                 Conjuration/Poison/Air       3
Comestibles
 f - 4 bread rations
 r - 2 meat rations


   Skills:
 + Level 4.6 Fighting
 - Level 3.4 Maces & Flails
 * Level 5.8 Polearms
 + Level 5.8 Armour
 + Level 2.2 Dodging
 + Level 6.1 Shields


You had 6 spell levels left.
You didn't know any spells.

Dungeon Overview and Level Annotations

Branches:
Dungeon (5/15)
 Temple: D:4-7

Altars:
Elyvilon
Gozag
Nemelex Xobeh
Sif Muna
Trog
Vehumet


Innate Abilities, Weirdness & Mutations

You reflexively headbutt those who attack you in melee.
You have a pair of horns on your head.


Message History

The orc wizard gestures wildly while chanting.
The orc wizard flickers and vanishes!
Deactivating autopickup; reactivate with Ctrl-A.
The orc priest casts a cantrip, but nothing happens.
You block the orc priest's attack.
You hear some strange, mumbled words.
Something tries to affect you, but you resist.
The orc priest mumbles some strange prayers to Beogh against you.
Pain shoots through your body!
* * * LOW HITPOINT WARNING * * *
A puff of flame appears from out of thin air!
The puff of flame hits you! You resist.
* * * LOW HITPOINT WARNING * * *
The orc priest calls down the wrath of Beogh upon you.
Pain shoots through your body!
* * * LOW HITPOINT WARNING * * *
The orc priest looks encouraged for a moment.
The orc priest calls down the wrath of Beogh upon you.
Pain shoots through your body!
You die...

.........###.#.#.##
########.###.....#####
.....................#
######.#..#......###.#
..........#.##.oo..#.#
.###)..#..# ###.#.#.#
.......#.##.# #...#.#
##..#..#....# #.###.#
....#...########@# #.#
##..##.........#.# #.###
........######.#.# #...#
######...#####.#.#####.#
#.#.##....#.##(.).#
#.#.##.####.##(####
#.#.#..# #.##.#
#.#.#..####....#
#..........#####


You could see 2 orc priests.

Vanquished Creatures
  A sky beast (D:5)
  An ogre (D:4)
  A centaur (D:5)
  Blork the orc (D:4)
  A scorpion (D:4)
  A centaur zombie (D:5)
  An orc priest (D:4)
  2 hounds
  2 bullfrog skeletons
  Ijyb (D:3)
  2 orc wizards
  A worker ant (D:4)
  6 adders
  2 oozes
  5 worms
  A dart slug (D:2)
  3 leopard geckos
  7 orcs
  A ball python (D:5)
  8 giant cockroaches
  9 goblins
  6 hobgoblins
  13 jackals
  3 kobolds
  2 quokkas
  12 bats
  4 frilled lizards
  6 rats
103 creatures vanquished.

Notes
Turn   | Place    | Note
-------+----------+-------------------------------------------
     0 | D:1      | Rzeznik the Minotaur Fighter began the quest for the Orb.
     0 | D:1      | Reached XP level 1. HP: 19/19 MP: 0/0
   136 | D:1      | Reached XP level 2. HP: 22/27 MP: 1/1
   634 | D:2      | Reached skill level 4 in Shields
   643 | D:2      | Reached XP level 3. HP: 27/33 MP: 2/2
  1485 | D:2      | Found a deep blue altar of Sif Muna.
  1670 | D:3      | Reached XP level 4. HP: 40/40 MP: 3/3
  1835 | D:3      | Noticed Ijyb
  1904 | D:3      | Killed Ijyb
  1904 | D:3      | Reached skill level 1 in Dodging
  1904 | D:3      | Reached skill level 5 in Shields
  1904 | D:3      | Reached XP level 5. HP: 28/46 MP: 4/4
  2083 | D:3      | Reached skill level 5 in Armour
  2510 | D:4      | Reached skill level 1 in Polearms
  2510 | D:4      | Reached XP level 6. HP: 47/52 MP: 5/5
  2527 | D:4      | Noticed Blork the orc
  2543 | D:4      | Killed Blork the orc
  2707 | D:4      | Found a sparkling altar of Nemelex Xobeh.
  2715 | D:4      | Reached XP level 7. HP: 8/60 MP: 6/6
  3343 | D:4      | Found a white marble altar of Elyvilon.
  3347 | D:4      | Found a bloodstained altar of Trog.
  3487 | D:5      | Entered Level 5 of the Dungeon
  3558 | D:5      | Found an opulent altar of Gozag.
  3716 | D:5      | Reached skill level 5 in Polearms
  3780 | D:5      | Found a radiant altar of Vehumet.
  3786 | D:5      | Reached skill level 6 in Shields
  4021 | D:5      | Killed from afar by an orc priest

Skill      XL: |  1  2  3  4  5  6  7 |
---------------+----------------------+-----
Armour         | 4 5 |  5.8
Fighting       | 4 |  4.6
Shields        | 4 5 6 |  6.1
Maces & Flails | 3 |  3.4
Dodging        | 1 2 |  2.2
Polearms       | 1 4 5 |  5.8

Action                   |  1- 3 |  4- 6 |  7- 9 || total
-------------------------+-------+-------+-------++-------
Melee: Flail             |   112 |    82 |       ||   194
       Headbutt          |    11 |    17 |    12 ||    40
       Trident           |       |    66 |    52 ||   118
  Use: Potion            |       |     2 |       ||     2
       Scroll            |       |       |     2 ||     2
  Eat: Royal jelly       |     1 |       |     1 ||     2
       Fruit             |       |     7 |       ||     7
Armor: Scale mail        |    30 |       |       ||    30
       Chain mail        |    70 |    53 |     1 ||   124
       Skin              |       |    27 |       ||    27
       Plate armour      |       |       |    30 ||    30
Dodge: Dodged            |    41 |    32 |     6 ||    79
Block: Shield            |   101 |    75 |    29 ||   205
